Nashville Predators vs Hartford Whalers
Created - Sunday, November 9, 2025 at 07:30
Goals
|
| Nashville Predators |
0 |
0 |
4 |
4 |
| Hartford Whalers |
2 |
2 |
1 |
5 |
|
Shots
|
| Nashville Predators |
12 |
8 |
15 |
35 |
| Hartford Whalers |
21 |
11 |
8 |
40 |
|
1st period
1. Hartford Whalers , Pierre-Luc Dubois 28 (Jordan Kyrou 38, Sidney Crosby 57) at 9:18
2. Hartford Whalers , Nick Suzuki 35 (Anthony Cirelli 25, Braden Schneider 16) at 19:03
Penalties :
Dante Fabbro (NSH) for Delaying the game (Minor) at 0:48, Kaiden Guhle (HFD) for Tripping (Minor) at 12:04
2nd period
3. Hartford Whalers , Pierre-Luc Dubois 29 (Sidney Crosby 58, Jordan Kyrou 39) at 5:12
4. Hartford Whalers , Dylan Guenther 26 (Nick Suzuki 52, Anthony Cirelli 26) at 13:30
Penalties :
Tyson Foerster (HFD) for Cross-checking (Minor) at 14:25
3rd period
5. Nashville Predators , Jean-Gabriel Pageau 26 (Brandon Montour 25, Dmitri Voronkov 39) at 2:38
6. Nashville Predators , Robby Fabbri 7 (Brandon Montour 26, Yegor Chinakhov 3) at 11:53
7. Nashville Predators , John-Jason Peterka 39 (Marco Kasper 42) at 11:57 (PP)
8. Nashville Predators , Marco Kasper 24 (Yegor Chinakhov 4, Simon Benoit 11) at 15:29
9. Hartford Whalers , Jonathan Drouin 16 (Tyson Foerster 8) at 19:29
Penalties :
Rasmus Andersson (NSH) for Cross-checking (Minor) at 9:36, Seth Jones (HFD) for Hooking (Minor) at 11:56, Seth Jones (HFD) for Hooking (Minor) at 15:32
Goalie Stats
Anthony Stolarz (NSH), 35 saves from 40 shots - (0.875), L, 31-11-4, 59:35 minutes
Samuel Montembeault (HFD), 31 saves from 35 shots - (0.886), W, 25-28-4, 60:00 minutes
Players Stats for Nashville Predators
Player Name G A P +/- PIM S H SB GA TA FO MP PP MP PK MP
------------------------------------------------------------------------------------
Alex Pietrangelo 0 0 0 -2 0 2 1 1 0 0 0/0 23:48 3:04 2:05
Brandon Montour 0 2 2 0 0 1 0 1 0 0 0/0 17:49 3:04 1:25
Dante Fabbro 0 0 0 0 2 1 2 1 0 1 0/0 14:33 0:00 1:09
Dmitri Voronkov 0 1 1 -1 0 2 1 0 1 0 0/0 15:00 2:44 0:08
Eetu Luostarinen 0 0 0 -2 0 2 1 0 1 2 0/1 18:52 0:23 1:57
Jack Roslovic 0 0 0 -1 0 3 1 0 0 0 5/5 11:34 2:44 0:00
Jani Nyman 0 0 0 -1 0 0 0 1 0 1 0/0 11:34 0:00 0:00
Jean-Gabriel Pageau 1 0 1 -1 0 4 2 0 1 1 7/9 16:51 2:44 2:03
John-Jason Peterka 1 0 1 -2 0 6 0 0 2 2 0/0 19:52 3:11 0:00
Jordan Spence 0 0 0 0 0 1 1 1 0 0 0/0 21:39 2:54 0:54
Marco Kasper 1 1 2 2 0 3 4 0 0 0 7/15 15:04 2:51 0:00
Pius Suter 0 0 0 -2 0 2 1 0 0 0 14/32 21:51 3:11 1:38
Rasmus Andersson 0 0 0 -2 2 1 4 1 0 0 0/0 22:24 2:54 0:56
Robby Fabbri 1 0 1 2 0 2 0 1 0 1 0/2 13:12 0:00 0:40
Ryan Hartman 0 0 0 -1 0 1 4 0 0 0 0/0 8:50 0:00 0:00
Simon Benoit 0 1 1 0 0 1 2 0 0 2 0/0 19:40 0:00 1:27
Yegor Chinakhov 0 2 2 2 0 1 0 1 0 0 0/0 12:49 0:03 0:08
Yegor Sharangovich 0 0 0 -1 0 2 0 0 1 0 0/0 10:38 0:03 1:22
Players Stats for Hartford Whalers
Player Name G A P +/- PIM S H SB GA TA FO MP PP MP PK MP
------------------------------------------------------------------------------------
Anders Lee 0 0 0 -1 0 3 0 0 0 1 1/3 13:28 2:01 2:41
Anthony Cirelli 0 2 2 2 0 2 2 0 2 0 0/1 18:23 0:00 3:12
Braden Schneider 0 1 1 0 0 0 1 0 1 0 0/0 14:55 0:00 0:02
Devon Toews 0 0 0 0 0 2 1 1 0 2 0/0 20:11 2:02 2:44
Dylan Guenther 1 0 1 2 0 4 1 1 1 0 0/1 16:10 1:56 0:02
Filip Mesar 0 0 0 -1 0 0 1 0 0 0 6/14 13:07 0:00 0:00
Jonathan Drouin 1 0 1 -1 0 2 2 3 0 0 0/1 14:15 1:56 0:00
Jordan Kyrou 0 2 2 2 0 1 3 1 2 0 0/0 16:13 2:01 0:00
Kaapo Kakko 0 0 0 -1 0 2 1 0 0 0 0/0 8:04 0:00 0:00
Kaiden Guhle 0 0 0 1 2 1 2 0 0 0 0/0 15:43 0:00 2:08
Matthew Coronato 0 0 0 -1 0 3 1 0 1 0 0/3 10:26 2:02 0:00
Nick Suzuki 1 1 2 2 0 6 1 0 1 0 12/23 18:53 1:57 2:43
Pierre-Luc Dubois 2 0 2 2 0 4 2 0 0 0 1/1 16:32 2:01 0:06
Seth Jones 0 0 0 1 4 2 2 2 1 2 0/0 25:46 1:56 2:03
Sidney Crosby 0 2 2 2 0 4 0 1 1 0 11/17 19:41 1:57 3:12
Simon Edvinsson 0 0 0 1 0 0 0 2 0 0 0/0 20:28 0:00 1:09
Tyson Foerster 0 1 1 -1 2 1 4 1 0 0 0/0 12:51 0:01 0:00
Vladislav Gavrikov 0 0 0 1 0 3 0 1 0 1 0/0 18:52 0:00 3:50
3 Stars
1 - Pierre-Luc Dubois (HFD)
2 - Marco Kasper (NSH)
3 - Nick Suzuki (HFD)
Power Play
Nashville Predators - 1 on 4 Attempt(s) - 25.00%
Hartford Whalers - 0 on 2 Attempt(s) - 0.00%
Penalty Kill
Nashville Predators - 2 on 2 Attempt(s) - 100.00%
- Score 0 goal in Penalty Kill
Hartford Whalers - 3 on 4 Attempt(s) - 75.00%
- Score 0 goal in Penalty Kill
Team Stat
Nashville Predators - Hits : 24 - Faceoff Wins : 33 - Blocked Shots : 8 - Penalty Minutes : 4
Hartford Whalers - Hits : 24 - Faceoff Wins : 31 - Blocked Shots : 13 - Penalty Minutes : 8
Official
Referees : Eric Furlatt and Garrett Rank
Linesman : Mitchell Hunt
Game Notes
No Game Note
Finance
Level 1 -- Attendance: 5753 (95.88%) -- Ticket Income $489,005
Level 2 -- Attendance: 4294 (85.88%) -- Ticket Income $236,170
Level 3 -- Attendance: 2988 (99.60%) -- Ticket Income $89,640
Level 4 -- Attendance: 4809 (96.18%) -- Ticket Income $96,180
Luxury Box -- Attendance: 992 (99.20%) -- Ticket Income $188,480
Game was played at the Hartford Civic Center.
Total Attendance: 18836 (94.18%)
Total Ticket Income: $1,099,475
Other Income: $384,816
Total Income: $1,484,291
Nashville Predators
5 vs 5 Forward
Center Left Wing Right Wing Time % Phy DF OF
1 Pius Suter Eetu Luostarinen John-Jason Peterka 35 0 1 4
2 Jean-Gabriel Pageau Dmitri Voronkov Jani Nyman 25 0 2 3
3 Marco Kasper Yegor Chinakhov Robby Fabbri 25 0 2 3
4 Jack Roslovic Yegor Sharangovich Ryan Hartman 15 0 2 3
5 vs 5 Defense
Defense Defense Time % Phy DF OF
1 Alex Pietrangelo Rasmus Andersson 40 1 2 2
2 Jordan Spence Simon Benoit 36 1 2 2
3 Brandon Montour Dante Fabbro 24 0 3 2
4 Dante Fabbro Brandon Montour 0 1 3 1
PowerPlay Forward
Center Left Wing Right Wing Time % Phy DF OF
1 Marco Kasper John-Jason Peterka Pius Suter 65 1 1 3
2 Jean-Gabriel Pageau Dmitri Voronkov Jack Roslovic 35 1 1 3
PowerPlay Defense
Defense Defense Time % Phy DF OF
1 Brandon Montour Alex Pietrangelo 50 1 1 3
2 Jordan Spence Rasmus Andersson 50 2 2 1
Penalty Kill 4 Players Forward
Center Wing Time % Phy DF OF
1 Jean-Gabriel Pageau Eetu Luostarinen 65 1 2 2
2 Pius Suter Robby Fabbri 35 1 2 2
Penalty Kill 4 Players Defense
Defense Defense Time % Phy DF OF
1 Alex Pietrangelo Rasmus Andersson 60 2 3 0
2 Simon Benoit Dante Fabbro 40 1 3 1
Penalty Kill - 3 Players Forward
Forward Time % Phy DF OF
1 Jean-Gabriel Pageau 50 1 2 2
2 Pius Suter 50 1 2 2
Penalty Kill - 3 Players Defense
Defense Defense Time % Phy DF OF
1 Alex Pietrangelo Rasmus Andersson 50 1 2 2
2 Simon Benoit Dante Fabbro 50 1 2 2
4 vs 4 Forward
Center Wing Time % Phy DF OF
1 Jean-Gabriel Pageau Eetu Luostarinen 50 1 2 2
2 Pius Suter Robby Fabbri 50 1 2 2
4 vs 4 Defense
Defense Defense Time % Phy DF OF
1 Rasmus Andersson Alex Pietrangelo 60 2 2 1
2 Dante Fabbro Simon Benoit 40 2 2 1
Last Minutes Offensive
Center Left Wing Right Wing Defense Defense
Jean-Gabriel Pageau Pius Suter John-Jason Peterka Dmitri Voronkov Brandon Montour
Last Minutes Defensive
Center Left Wing Right Wing Defense Defense
Jean-Gabriel Pageau Pius Suter Robby Fabbri Alex Pietrangelo Rasmus Andersson
Goaltenders
Starting : Anthony Stolarz
Backup : Samuel Ersson
Extra Forwards
Normal : Dmitri Voronkov, Pius Suter, Eetu Luostarinen - PP : Eetu Luostarinen, Jean-Gabriel Pageau - PK : Eetu Luostarinen
Extra Defensemen
Normal : Rasmus Andersson, Dante Fabbro, Simon Benoit - PP : Rasmus Andersson - PK : Dante Fabbro, Brandon Montour
Penalty Shots
Dmitri Voronkov, Jack Roslovic, John-Jason Peterka, Pius Suter, Yegor Chinakhov
Scratches
Evan Rodrigues (Healthy), Parker Wotherspoon (Healthy), Nick Perbix (Healthy), Thatcher Demko (Healthy), Mads Sogaard (Healthy)
Hartford Whalers
5 vs 5 Forward
Center Left Wing Right Wing Time % Phy DF OF
1 Nick Suzuki Dylan Guenther Anthony Cirelli 30 1 1 3
2 Sidney Crosby Pierre-Luc Dubois Jordan Kyrou 30 1 1 3
3 Filip Mesar Jonathan Drouin Tyson Foerster 25 1 1 3
4 Matthew Coronato Anders Lee Kaapo Kakko 15 1 3 1
5 vs 5 Defense
Defense Defense Time % Phy DF OF
1 Vladislav Gavrikov Seth Jones 30 1 2 2
2 Devon Toews Braden Schneider 30 1 2 2
3 Kaiden Guhle Simon Edvinsson 25 1 2 2
4 Simon Edvinsson Seth Jones 15 1 2 2
PowerPlay Forward
Center Left Wing Right Wing Time % Phy DF OF
1 Sidney Crosby Dylan Guenther Nick Suzuki 50 0 1 4
2 Anders Lee Pierre-Luc Dubois Jordan Kyrou 50 0 1 4
PowerPlay Defense
Defense Defense Time % Phy DF OF
1 Jonathan Drouin Seth Jones 50 1 2 2
2 Matthew Coronato Devon Toews 50 1 2 2
Penalty Kill 4 Players Forward
Center Wing Time % Phy DF OF
1 Nick Suzuki Anders Lee 50 1 2 2
2 Sidney Crosby Anthony Cirelli 50 1 2 2
Penalty Kill 4 Players Defense
Defense Defense Time % Phy DF OF
1 Kaiden Guhle Seth Jones 50 1 2 2
2 Vladislav Gavrikov Devon Toews 50 1 2 2
Penalty Kill - 3 Players Forward
Forward Time % Phy DF OF
1 Nick Suzuki 50 1 2 2
2 Anthony Cirelli 50 1 2 2
Penalty Kill - 3 Players Defense
Defense Defense Time % Phy DF OF
1 Vladislav Gavrikov Seth Jones 50 1 2 2
2 Kaiden Guhle Braden Schneider 50 1 2 2
4 vs 4 Forward
Center Wing Time % Phy DF OF
1 Sidney Crosby Nick Suzuki 50 0 1 4
2 Dylan Guenther Jordan Kyrou 50 0 2 3
4 vs 4 Defense
Defense Defense Time % Phy DF OF
1 Devon Toews Seth Jones 50 1 2 2
2 Vladislav Gavrikov Braden Schneider 50 1 2 2
Last Minutes Offensive
Center Left Wing Right Wing Defense Defense
Sidney Crosby Dylan Guenther Nick Suzuki Jonathan Drouin Braden Schneider
Last Minutes Defensive
Center Left Wing Right Wing Defense Defense
Anthony Cirelli Filip Mesar Anders Lee Kaiden Guhle Seth Jones
Goaltenders
Starting : Samuel Montembeault
Backup : Spencer Knight
Extra Forwards
Normal : Dylan Guenther, Anders Lee, Jonathan Drouin - PP : Sidney Crosby, Dylan Guenther - PK : Anders Lee
Extra Defensemen
Normal : Braden Schneider, Kaiden Guhle, Vladislav Gavrikov - PP : Braden Schneider - PK : Kaiden Guhle, Vladislav Gavrikov
Penalty Shots
Nick Suzuki, Sidney Crosby, Pierre-Luc Dubois, Anthony Cirelli, Kaapo Kakko
Scratches
Joshua Norris (Healthy), Chaz Lucius (Healthy), Dylan Garand (Healthy)
% Time on Ice - Nashville Predators
Lines # - Real PCT - Wanted PCT - Time Play
Normal Forward
1 - 34% - 35% - 16:38
2 - 24% - 25% - 11:55
3 - 25% - 25% - 12:11
4 - 18% - 15% - 8:50
Normal Defense
1 - 38% - 40% - 18:57
2 - 38% - 36% - 18:36
3 - 24% - 24% - 11:53
4 - 0% - 0% - 0:08
PP Forward
1 - 54% - 65% - 3:14
2 - 46% - 35% - 2:44
PP Defense
1 - 51% - 50% - 3:04
2 - 49% - 50% - 2:54
PK Forward
1 - 83% - 65% - 3:18
2 - 17% - 35% - 0:40
PK Defense
1 - 63% - 60% - 2:31
2 - 37% - 40% - 1:27
PK3 Forward
1 - 0% - 50%
2 - 0% - 50%
PK3 Defense
1 - 0% - 50%
2 - 0% - 50%
44 Forward
1 - 0% - 50%
2 - 0% - 50%
44 Defense
1 - 0% - 60%
2 - 0% - 40%
Last Minute Offensive - 0:30
Last Minute Defensive - 0:00
Total
Forward - 60:00
Defense - 60:00
|
% Time on Ice - Hartford Whalers
Lines # - Real PCT - Wanted PCT - Time Play
Normal Forward
1 - 29% - 30% - 14:26
2 - 29% - 30% - 14:27
3 - 25% - 25% - 12:37
4 - 16% - 15% - 8:04
Normal Defense
1 - 29% - 30% - 14:29
2 - 31% - 30% - 15:24
3 - 26% - 25% - 12:51
4 - 14% - 15% - 6:50
PP Forward
1 - 49% - 50% - 1:57
2 - 51% - 50% - 2:01
PP Defense
1 - 49% - 50% - 1:56
2 - 51% - 50% - 2:02
PK Forward
1 - 46% - 50% - 2:46
2 - 54% - 50% - 3:12
PK Defense
1 - 55% - 50% - 3:16
2 - 45% - 50% - 2:42
PK3 Forward
1 - 0% - 50%
2 - 0% - 50%
PK3 Defense
1 - 0% - 50%
2 - 0% - 50%
44 Forward
1 - 0% - 50%
2 - 0% - 50%
44 Defense
1 - 0% - 50%
2 - 0% - 50%
Last Minute Offensive - 0:00
Last Minute Defensive - 0:30
Total
Forward - 60:00
Defense - 60:00
|
Play-by-Play
1st period
0:01 of 1st period - Pius Suter wins face-off versus Nick Suzuki in neutral zone.
0:45 of 1st period - Off-side.
0:46 of 1st period - Marco Kasper wins face-off versus Filip Mesar in neutral zone.
0:48 of 1st period - Minor Penalty to Dante Fabbro for Delaying the game.
0:49 of 1st period - Jean-Gabriel Pageau wins face-off versus Sidney Crosby in Nashville Predators zone.
2:48 of 1st period - Penalty to Dante Fabbro is over, Dante Fabbro is back on ice.
2:52 of 1st period - Wrist shot by Jean-Gabriel Pageau.
2:52 of 1st period - Stopped by Samuel Montembeault with a rebound.
3:03 of 1st period - Simon Benoit is hit by Matthew Coronato and loses puck.
3:14 of 1st period - Matthew Coronato is hit by Ryan Hartman and loses puck.
3:31 of 1st period - Anthony Cirelli is hit by Marco Kasper.
3:55 of 1st period - Eetu Luostarinen is hit by Nick Suzuki and loses puck.
4:22 of 1st period - Brandon Montour is hit by Kaapo Kakko and loses puck.
4:53 of 1st period - Slapshot by John-Jason Peterka.
4:53 of 1st period - Deflect By Pius Suter.
4:53 of 1st period - Shot Blocked by Dylan Guenther.
4:53 of 1st period - Puck is out of play.
4:54 of 1st period - Pius Suter wins face-off versus Nick Suzuki in Hartford Whalers zone.
4:55 of 1st period - Snap shot by Eetu Luostarinen.
4:55 of 1st period - Stopped by Samuel Montembeault with a rebound.
5:20 of 1st period - Slapshot by Pierre-Luc Dubois.
5:20 of 1st period - Stopped by Anthony Stolarz without a rebound.
5:21 of 1st period - Filip Mesar wins face-off versus Robby Fabbri in Nashville Predators zone.
6:09 of 1st period - Wrist shot by Anders Lee.
6:09 of 1st period - Stopped by Anthony Stolarz with a rebound.
6:13 of 1st period - Backhand shot by Kaapo Kakko.
6:13 of 1st period - Stopped by Anthony Stolarz with a rebound.
6:15 of 1st period - Wrist shot by Kaapo Kakko.
6:15 of 1st period - Stopped by Anthony Stolarz without a rebound.
6:16 of 1st period - Jean-Gabriel Pageau wins face-off versus Matthew Coronato in Nashville Predators zone.
6:29 of 1st period - Snap shot by Matthew Coronato.
6:29 of 1st period - Shot Blocked by Rasmus Andersson.
6:31 of 1st period - Slapshot by Devon Toews.
6:31 of 1st period - Shot Blocked by Alex Pietrangelo.
6:33 of 1st period - Slapshot by Devon Toews.
6:33 of 1st period - Stopped by Anthony Stolarz with a rebound.
6:35 of 1st period - Slapshot by Devon Toews.
6:35 of 1st period - Shot Misses the Net.
6:45 of 1st period - Snap shot by Anders Lee.
6:45 of 1st period - Stopped by Anthony Stolarz with a rebound.
6:47 of 1st period - Slapshot by Kaiden Guhle.
6:47 of 1st period - Stopped by Anthony Stolarz without a rebound.
6:48 of 1st period - Pierre-Luc Dubois wins face-off versus Pius Suter in Nashville Predators zone.
6:53 of 1st period - Snap shot by Jordan Kyrou.
6:53 of 1st period - Stopped by Anthony Stolarz without a rebound.
6:54 of 1st period - Sidney Crosby wins face-off versus Pius Suter in Nashville Predators zone.
6:55 of 1st period - Slapshot by Pierre-Luc Dubois.
6:55 of 1st period - Shot Misses the Net.
7:10 of 1st period - Wrist shot by John-Jason Peterka.
7:10 of 1st period - Shot Misses the Net.
7:27 of 1st period - Alex Pietrangelo is hit by Seth Jones and loses puck.
8:13 of 1st period - Snap shot by Dmitri Voronkov.
8:13 of 1st period - Stopped by Samuel Montembeault without a rebound.
8:14 of 1st period - Sidney Crosby wins face-off versus Pius Suter in Hartford Whalers zone.
8:41 of 1st period - Anthony Cirelli is hit by Jordan Spence and loses puck.
8:50 of 1st period - Wrist shot by Nick Suzuki.
8:50 of 1st period - Shot Misses the Net.
8:52 of 1st period - Wrist shot by Nick Suzuki.
8:52 of 1st period - Shot Hit the Post.
9:02 of 1st period - Wrist shot by Yegor Sharangovich.
9:02 of 1st period - Deflect By Ryan Hartman.
9:02 of 1st period - Stopped by Samuel Montembeault without a rebound.
9:03 of 1st period - Jack Roslovic wins face-off versus Filip Mesar in Hartford Whalers zone.
9:10 of 1st period - Snap shot by Jack Roslovic.
9:10 of 1st period - Stopped by Samuel Montembeault without a rebound.
9:11 of 1st period - Sidney Crosby wins face-off versus Pius Suter in Hartford Whalers zone.
9:18 of 1st period - Snap shot by Jordan Kyrou.
9:18 of 1st period - Deflect By Pierre-Luc Dubois.
9:18 of 1st period - Deflect By Pius Suter.
9:18 of 1st period - Goal by Pierre-Luc Dubois - Nashville Predators : 0 - Hartford Whalers : 1.
9:19 of 1st period - Pius Suter wins face-off versus Sidney Crosby in neutral zone.
9:43 of 1st period - Icing by Seth Jones.
9:44 of 1st period - Sidney Crosby wins face-off versus Marco Kasper in Hartford Whalers zone.
9:44 of 1st period - Sidney Crosby is hit by Marco Kasper.
10:42 of 1st period - Slapshot by Sidney Crosby.
10:42 of 1st period - Stopped by Anthony Stolarz with a rebound.
10:48 of 1st period - Snap shot by Sidney Crosby.
10:48 of 1st period - Shot Blocked by Brandon Montour.
10:50 of 1st period - Wrist shot by Jordan Kyrou.
10:50 of 1st period - Shot Misses the Net.
11:02 of 1st period - Slapshot by Tyson Foerster.
11:02 of 1st period - Stopped by Anthony Stolarz with a rebound.
11:22 of 1st period - Wrist shot by Marco Kasper.
11:22 of 1st period - Shot Misses the Net.
11:24 of 1st period - Snap shot by Yegor Chinakhov.
11:24 of 1st period - Shot Misses the Net.
11:30 of 1st period - Slapshot by Robby Fabbri.
11:30 of 1st period - Shot Blocked by Devon Toews.
11:32 of 1st period - Wrist shot by Dante Fabbro.
11:32 of 1st period - Shot Misses the Net.
11:34 of 1st period - Slapshot by Dante Fabbro.
11:34 of 1st period - Deflect By Jonathan Drouin.
11:34 of 1st period - Stopped by Samuel Montembeault with a rebound.
11:36 of 1st period - Snap shot by Marco Kasper.
11:36 of 1st period - Stopped by Samuel Montembeault without a rebound.
11:37 of 1st period - Nick Suzuki wins face-off versus Pius Suter in Hartford Whalers zone.
11:37 of 1st period - Nick Suzuki is hit by Eetu Luostarinen.
12:04 of 1st period - Minor Penalty to Kaiden Guhle for Tripping.
12:05 of 1st period - Nick Suzuki wins face-off versus Jean-Gabriel Pageau in Hartford Whalers zone.
12:05 of 1st period - Nick Suzuki is hit by Rasmus Andersson.
13:01 of 1st period - Wrist shot by Sidney Crosby.
13:01 of 1st period - Stopped by Anthony Stolarz without a rebound.
13:02 of 1st period - Sidney Crosby wins face-off versus Marco Kasper in Nashville Predators zone.
13:07 of 1st period - Snap shot by Anthony Cirelli.
13:07 of 1st period - Stopped by Anthony Stolarz without a rebound.
13:08 of 1st period - Sidney Crosby wins face-off versus Marco Kasper in Nashville Predators zone.
13:17 of 1st period - Wrist shot by Anthony Cirelli.
13:17 of 1st period - Deflect By Sidney Crosby.
13:17 of 1st period - Stopped by Anthony Stolarz with a rebound.
13:19 of 1st period - Slapshot by Vladislav Gavrikov.
13:19 of 1st period - Shot Misses the Net.
13:21 of 1st period - Slapshot by Vladislav Gavrikov.
13:21 of 1st period - Stopped by Anthony Stolarz without a rebound.
13:22 of 1st period - Jean-Gabriel Pageau wins face-off versus Nick Suzuki in Nashville Predators zone.
13:37 of 1st period - Snap shot by Jean-Gabriel Pageau.
13:37 of 1st period - Stopped by Samuel Montembeault without a rebound.
13:38 of 1st period - Marco Kasper wins face-off versus Anders Lee in Hartford Whalers zone.
13:41 of 1st period - Snap shot by Pius Suter.
13:41 of 1st period - Stopped by Samuel Montembeault with a rebound.
13:45 of 1st period - Snap shot by John-Jason Peterka.
13:45 of 1st period - Stopped by Samuel Montembeault without a rebound.
13:46 of 1st period - Anders Lee wins face-off versus Marco Kasper in Hartford Whalers zone.
13:57 of 1st period - Wrist shot by Sidney Crosby.
13:57 of 1st period - Stopped by Anthony Stolarz without a rebound.
13:58 of 1st period - Sidney Crosby wins face-off versus Marco Kasper in Nashville Predators zone.
14:04 of 1st period - Penalty to Kaiden Guhle is over, Kaiden Guhle is back on ice.
14:32 of 1st period - Wrist shot by Tyson Foerster.
14:32 of 1st period - Shot Misses the Net.
14:34 of 1st period - Slapshot by Vladislav Gavrikov.
14:34 of 1st period - Stopped by Anthony Stolarz without a rebound.
14:35 of 1st period - Pius Suter wins face-off versus Nick Suzuki in Nashville Predators zone.
14:42 of 1st period - Simon Edvinsson is hit by Simon Benoit and loses puck.
15:01 of 1st period - Simon Benoit is hit by Kaiden Guhle and loses puck.
15:10 of 1st period - Slapshot by Jean-Gabriel Pageau.
15:10 of 1st period - Shot Misses the Net.
15:29 of 1st period - Snap shot by Tyson Foerster.
15:29 of 1st period - Deflect By Jonathan Drouin.
15:29 of 1st period - Stopped by Anthony Stolarz without a rebound.
15:30 of 1st period - Nick Suzuki wins face-off versus Pius Suter in Nashville Predators zone.
15:45 of 1st period - Anthony Cirelli is hit by Pius Suter and loses puck.
15:52 of 1st period - Jordan Spence is hit by Braden Schneider.
16:04 of 1st period - Snap shot by Dmitri Voronkov.
16:04 of 1st period - Stopped by Samuel Montembeault with a rebound.
16:22 of 1st period - Rasmus Andersson is hit by Tyson Foerster and loses puck.
16:39 of 1st period - Icing by Tyson Foerster.
16:40 of 1st period - Marco Kasper wins face-off versus Matthew Coronato in Hartford Whalers zone.
16:47 of 1st period - Snap shot by Marco Kasper.
16:47 of 1st period - Shot Hit the Post.
16:49 of 1st period - Wrist shot by Yegor Chinakhov.
16:49 of 1st period - Shot Misses the Net.
16:51 of 1st period - Wrist shot by Marco Kasper.
16:51 of 1st period - Shot Misses the Net.
16:53 of 1st period - Snap shot by Robby Fabbri.
16:53 of 1st period - Shot Blocked by Vladislav Gavrikov.
16:55 of 1st period - Slapshot by Alex Pietrangelo.
16:55 of 1st period - Deflect By Anders Lee.
16:55 of 1st period - Stopped by Samuel Montembeault with a rebound.
18:53 of 1st period - Snap shot by Pierre-Luc Dubois.
18:53 of 1st period - Shot Blocked by Jani Nyman.
18:55 of 1st period - Snap shot by Nick Suzuki.
18:55 of 1st period - Deflect By Jean-Gabriel Pageau.
18:55 of 1st period - Stopped by Anthony Stolarz with a rebound.
18:57 of 1st period - Wrist shot by Devon Toews.
18:57 of 1st period - Stopped by Anthony Stolarz with a rebound.
18:59 of 1st period - Slapshot by Braden Schneider.
18:59 of 1st period - Shot Blocked by Dante Fabbro.
19:01 of 1st period - Snap shot by Anthony Cirelli.
19:01 of 1st period - Shot Misses the Net.
19:03 of 1st period - Snap shot by Nick Suzuki.
19:03 of 1st period - Goal by Nick Suzuki - Nashville Predators : 0 - Hartford Whalers : 2.
19:04 of 1st period - Pius Suter wins face-off versus Nick Suzuki in neutral zone.
19:31 of 1st period - John-Jason Peterka is hit by Devon Toews and loses puck.
19:54 of 1st period - Snap shot by Matthew Coronato.
19:54 of 1st period - Shot Misses the Net.
Goals for this period are 0 for Nashville Predators vs 2 for Hartford Whalers.
Shots for this period are 12 for Nashville Predators vs 21 for Hartford Whalers.
2nd period
0:01 of 2nd period - Pius Suter wins face-off versus Sidney Crosby in neutral zone.
0:28 of 2nd period - Snap shot by Nick Suzuki.
0:28 of 2nd period - Stopped by Anthony Stolarz without a rebound.
0:29 of 2nd period - Jean-Gabriel Pageau wins face-off versus Nick Suzuki in Nashville Predators zone.
0:49 of 2nd period - Dylan Guenther is hit by Alex Pietrangelo and loses puck.
1:38 of 2nd period - Wrist shot by Jean-Gabriel Pageau.
1:38 of 2nd period - Shot Misses the Net.
2:20 of 2nd period - Wrist shot by Dmitri Voronkov.
2:20 of 2nd period - Deflect By Jani Nyman.
2:20 of 2nd period - Shot Misses the Net.
2:20 of 2nd period - Puck is out of play.
2:21 of 2nd period - Pius Suter wins face-off versus Sidney Crosby in Hartford Whalers zone.
2:24 of 2nd period - Snap shot by John-Jason Peterka.
2:24 of 2nd period - Shot Misses the Net.
2:46 of 2nd period - Jonathan Drouin is hit by Simon Benoit and loses puck.
3:11 of 2nd period - Snap shot by Anders Lee.
3:11 of 2nd period - Deflect By Kaapo Kakko.
3:11 of 2nd period - Shot Blocked by Yegor Chinakhov.
3:11 of 2nd period - Puck is out of play.
3:12 of 2nd period - Marco Kasper wins face-off versus Matthew Coronato in Nashville Predators zone.
3:27 of 2nd period - Snap shot by Anders Lee.
3:27 of 2nd period - Shot Blocked by Robby Fabbri.
3:29 of 2nd period - Wrist shot by Kaapo Kakko.
3:29 of 2nd period - Shot Misses the Net.
3:31 of 2nd period - Slapshot by Vladislav Gavrikov.
3:31 of 2nd period - Stopped by Anthony Stolarz with a rebound.
3:33 of 2nd period - Slapshot by Seth Jones.
3:33 of 2nd period - Shot Blocked by Jordan Spence.
3:59 of 2nd period - Snap shot by Matthew Coronato.
3:59 of 2nd period - Stopped by Anthony Stolarz with a rebound.
4:01 of 2nd period - Wrist shot by Anders Lee.
4:01 of 2nd period - Stopped by Anthony Stolarz without a rebound.
4:02 of 2nd period - Sidney Crosby wins face-off versus Pius Suter in Nashville Predators zone.
4:03 of 2nd period - Snap shot by Pierre-Luc Dubois.
4:03 of 2nd period - Stopped by Anthony Stolarz with a rebound.
4:35 of 2nd period - Kaiden Guhle is hit by Dante Fabbro and loses puck.
5:12 of 2nd period - Snap shot by Pierre-Luc Dubois.
5:12 of 2nd period - Goal by Pierre-Luc Dubois - Nashville Predators : 0 - Hartford Whalers : 3.
5:13 of 2nd period - Pius Suter wins face-off versus Filip Mesar in neutral zone.
5:58 of 2nd period - Icing by Alex Pietrangelo.
5:59 of 2nd period - Nick Suzuki wins face-off versus Robby Fabbri in Nashville Predators zone.
6:26 of 2nd period - Ryan Hartman is hit by Seth Jones and loses puck.
6:35 of 2nd period - Jack Roslovic is hit by Tyson Foerster and loses puck.
6:46 of 2nd period - Braden Schneider is hit by Jean-Gabriel Pageau and loses puck.
7:13 of 2nd period - Wrist shot by Matthew Coronato.
7:13 of 2nd period - Shot Misses the Net.
7:21 of 2nd period - Snap shot by Jani Nyman.
7:21 of 2nd period - Deflect By Jean-Gabriel Pageau.
7:21 of 2nd period - Stopped by Samuel Montembeault with a rebound.
7:23 of 2nd period - Slapshot by Jordan Spence.
7:23 of 2nd period - Stopped by Samuel Montembeault without a rebound.
7:24 of 2nd period - Filip Mesar wins face-off versus Pius Suter in Hartford Whalers zone.
7:24 of 2nd period - Filip Mesar is hit by Rasmus Andersson.
8:15 of 2nd period - Dylan Guenther is hit by Dante Fabbro.
9:02 of 2nd period - Dante Fabbro is hit by Kaiden Guhle and loses puck.
10:19 of 2nd period - Jani Nyman is hit by Jordan Kyrou and loses puck.
11:02 of 2nd period - Dylan Guenther is hit by Ryan Hartman.
11:06 of 2nd period - Simon Benoit is hit by Dylan Guenther and loses puck.
11:51 of 2nd period - Sidney Crosby is hit by Dmitri Voronkov and loses puck.
12:13 of 2nd period - Simon Edvinsson is hit by Jack Roslovic and loses puck.
12:24 of 2nd period - Braden Schneider is hit by Ryan Hartman and loses puck.
12:31 of 2nd period - Yegor Sharangovich is hit by Pierre-Luc Dubois and loses puck.
13:02 of 2nd period - Icing by Yegor Sharangovich.
13:03 of 2nd period - Jack Roslovic wins face-off versus Filip Mesar in Nashville Predators zone.
13:08 of 2nd period - Jonathan Drouin is hit by Ryan Hartman and loses puck.
13:16 of 2nd period - Off-side.
13:17 of 2nd period - Pius Suter wins face-off versus Dylan Guenther in neutral zone.
13:28 of 2nd period - Snap shot by Nick Suzuki.
13:28 of 2nd period - Stopped by Anthony Stolarz with a rebound.
13:30 of 2nd period - Snap shot by Dylan Guenther.
13:30 of 2nd period - Goal by Dylan Guenther - Nashville Predators : 0 - Hartford Whalers : 4.
13:31 of 2nd period - Pius Suter wins face-off versus Filip Mesar in neutral zone.
13:38 of 2nd period - Snap shot by Pius Suter.
13:38 of 2nd period - Shot Misses the Net.
13:40 of 2nd period - Snap shot by Simon Benoit.
13:40 of 2nd period - Shot Blocked by Jonathan Drouin.
13:42 of 2nd period - Slapshot by Simon Benoit.
13:42 of 2nd period - Shot Misses the Net.
13:44 of 2nd period - Slapshot by Pius Suter.
13:44 of 2nd period - Shot Misses the Net.
13:46 of 2nd period - Snap shot by Pius Suter.
13:46 of 2nd period - Shot Blocked by Jonathan Drouin.
13:53 of 2nd period - Icing by Jonathan Drouin.
13:54 of 2nd period - Marco Kasper wins face-off versus Filip Mesar in Hartford Whalers zone.
13:55 of 2nd period - Slapshot by Robby Fabbri.
13:55 of 2nd period - Shot Misses the Net.
13:57 of 2nd period - Slapshot by Rasmus Andersson.
13:57 of 2nd period - Deflect By Marco Kasper.
13:57 of 2nd period - Shot Blocked by Simon Edvinsson.
13:57 of 2nd period - Puck is out of play.
13:58 of 2nd period - Marco Kasper wins face-off versus Nick Suzuki in Hartford Whalers zone.
14:05 of 2nd period - Backhand shot by Yegor Chinakhov.
14:05 of 2nd period - Shot Misses the Net.
14:07 of 2nd period - Snap shot by Marco Kasper.
14:07 of 2nd period - Shot Misses the Net.
14:09 of 2nd period - Snap shot by Robby Fabbri.
14:09 of 2nd period - Shot Misses the Net.
14:11 of 2nd period - Wrist shot by Robby Fabbri.
14:11 of 2nd period - Shot Misses the Net.
14:13 of 2nd period - Slapshot by Alex Pietrangelo.
14:13 of 2nd period - Stopped by Samuel Montembeault without a rebound.
14:14 of 2nd period - Pius Suter wins face-off versus Jonathan Drouin in Hartford Whalers zone.
14:23 of 2nd period - Snap shot by John-Jason Peterka.
14:23 of 2nd period - Shot Blocked by Jonathan Drouin.
14:25 of 2nd period - Minor Penalty to Tyson Foerster for Cross-checking.
14:26 of 2nd period - Nick Suzuki wins face-off versus Marco Kasper in Hartford Whalers zone.
14:26 of 2nd period - Nick Suzuki is hit by Marco Kasper.
14:38 of 2nd period - Wrist shot by Marco Kasper.
14:38 of 2nd period - Shot Misses the Net.
14:40 of 2nd period - Snap shot by Pius Suter.
14:40 of 2nd period - Stopped by Samuel Montembeault with a rebound.
14:42 of 2nd period - Snap shot by Marco Kasper.
14:42 of 2nd period - Stopped by Samuel Montembeault with a rebound.
16:07 of 2nd period - Rasmus Andersson is hit by Anthony Cirelli and loses puck.
16:25 of 2nd period - Penalty to Tyson Foerster is over, Tyson Foerster is back on ice.
16:36 of 2nd period - Snap shot by Robby Fabbri.
16:36 of 2nd period - Stopped by Samuel Montembeault without a rebound.
16:37 of 2nd period - Filip Mesar wins face-off versus Marco Kasper in Hartford Whalers zone.
16:37 of 2nd period - Filip Mesar is hit by Marco Kasper.
17:20 of 2nd period - Backhand shot by Yegor Sharangovich.
17:20 of 2nd period - Stopped by Samuel Montembeault with a rebound.
17:38 of 2nd period - Wrist shot by Jonathan Drouin.
17:38 of 2nd period - Deflect By Tyson Foerster.
17:38 of 2nd period - Shot Misses the Net.
17:38 of 2nd period - Puck is out of play.
17:39 of 2nd period - Jean-Gabriel Pageau wins face-off versus Filip Mesar in Nashville Predators zone.
17:39 of 2nd period - Jean-Gabriel Pageau is hit by Tyson Foerster.
17:53 of 2nd period - Slapshot by Dmitri Voronkov.
17:53 of 2nd period - Deflect By Jani Nyman.
17:53 of 2nd period - Shot Blocked by Tyson Foerster.
17:53 of 2nd period - Puck is out of play.
17:54 of 2nd period - Pius Suter wins face-off versus Nick Suzuki in Hartford Whalers zone.
17:55 of 2nd period - Snap shot by John-Jason Peterka.
17:55 of 2nd period - Stopped by Samuel Montembeault with a rebound.
18:03 of 2nd period - Wrist shot by Dylan Guenther.
18:03 of 2nd period - Stopped by Anthony Stolarz without a rebound.
18:04 of 2nd period - Nick Suzuki wins face-off versus Pius Suter in Nashville Predators zone.
18:15 of 2nd period - Snap shot by Dylan Guenther.
18:15 of 2nd period - Shot Misses the Net.
18:17 of 2nd period - Slapshot by Seth Jones.
18:17 of 2nd period - Stopped by Anthony Stolarz without a rebound.
18:18 of 2nd period - Filip Mesar wins face-off versus Pius Suter in Nashville Predators zone.
18:31 of 2nd period - Snap shot by John-Jason Peterka.
18:31 of 2nd period - Shot Blocked by Seth Jones.
18:33 of 2nd period - Wrist shot by Eetu Luostarinen.
18:33 of 2nd period - Shot Misses the Net.
19:14 of 2nd period - Wrist shot by Matthew Coronato.
19:14 of 2nd period - Stopped by Anthony Stolarz without a rebound.
19:15 of 2nd period - Nick Suzuki wins face-off versus Pius Suter in Nashville Predators zone.
19:22 of 2nd period - Slapshot by Dylan Guenther.
19:22 of 2nd period - Shot Misses the Net.
19:40 of 2nd period - Rasmus Andersson is hit by Tyson Foerster and loses puck.
Goals for this period are 0 for Nashville Predators vs 2 for Hartford Whalers.
Shots for this period are 8 for Nashville Predators vs 11 for Hartford Whalers.
3rd period
0:01 of 3rd period - Nick Suzuki wins face-off versus Pius Suter in neutral zone.
0:04 of 3rd period - Snap shot by Dylan Guenther.
0:04 of 3rd period - Stopped by Anthony Stolarz with a rebound.
0:06 of 3rd period - Wrist shot by Seth Jones.
0:06 of 3rd period - Stopped by Anthony Stolarz with a rebound.
0:26 of 3rd period - Alex Pietrangelo is hit by Jordan Kyrou and loses puck.
0:38 of 3rd period - Icing by Seth Jones.
0:39 of 3rd period - Sidney Crosby wins face-off versus Eetu Luostarinen in Hartford Whalers zone.
0:51 of 3rd period - Wrist shot by John-Jason Peterka.
0:51 of 3rd period - Shot Misses the Net.
1:49 of 3rd period - Snap shot by Matthew Coronato.
1:49 of 3rd period - Stopped by Anthony Stolarz with a rebound.
2:36 of 3rd period - Slapshot by Brandon Montour.
2:36 of 3rd period - Stopped by Samuel Montembeault with a rebound.
2:38 of 3rd period - Slapshot by Jean-Gabriel Pageau.
2:38 of 3rd period - Goal by Jean-Gabriel Pageau - Nashville Predators : 1 - Hartford Whalers : 4.
2:39 of 3rd period - Nick Suzuki wins face-off versus Pius Suter in neutral zone.
2:42 of 3rd period - Alex Pietrangelo is hit by Anthony Cirelli and loses puck.
2:49 of 3rd period - Wrist shot by Anthony Cirelli.
2:49 of 3rd period - Stopped by Anthony Stolarz without a rebound.
2:50 of 3rd period - Nick Suzuki wins face-off versus Pius Suter in Nashville Predators zone.
2:55 of 3rd period - Wrist shot by Nick Suzuki.
2:55 of 3rd period - Stopped by Anthony Stolarz with a rebound.
3:15 of 3rd period - Yegor Chinakhov is hit by Jonathan Drouin and loses puck.
4:29 of 3rd period - Snap shot by Jack Roslovic.
4:29 of 3rd period - Shot Misses the Net.
4:31 of 3rd period - Slapshot by Ryan Hartman.
4:31 of 3rd period - Shot Misses the Net.
7:09 of 3rd period - Snap shot by Yegor Sharangovich.
7:09 of 3rd period - Shot Misses the Net.
7:11 of 3rd period - Wrist shot by Ryan Hartman.
7:11 of 3rd period - Shot Misses the Net.
7:13 of 3rd period - Slapshot by Jack Roslovic.
7:13 of 3rd period - Stopped by Samuel Montembeault with a rebound.
7:23 of 3rd period - Marco Kasper is hit by Pierre-Luc Dubois and loses puck.
8:12 of 3rd period - Anders Lee is hit by Jean-Gabriel Pageau.
8:46 of 3rd period - Robby Fabbri is hit by Jordan Kyrou and loses puck.
8:55 of 3rd period - Snap shot by Pierre-Luc Dubois.
8:55 of 3rd period - Shot Misses the Net.
9:07 of 3rd period - Wrist shot by Eetu Luostarinen.
9:07 of 3rd period - Stopped by Samuel Montembeault with a rebound.
9:13 of 3rd period - Eetu Luostarinen is hit by Jonathan Drouin and loses puck.
9:29 of 3rd period - Wrist shot by Dmitri Voronkov.
9:29 of 3rd period - Shot Blocked by Seth Jones.
9:36 of 3rd period - Minor Penalty to Rasmus Andersson for Cross-checking.
9:37 of 3rd period - Jean-Gabriel Pageau wins face-off versus Anders Lee in Nashville Predators zone.
11:36 of 3rd period - Penalty to Rasmus Andersson is over, Rasmus Andersson is back on ice.
11:47 of 3rd period - Snap shot by Robby Fabbri.
11:47 of 3rd period - Deflect By Yegor Chinakhov.
11:47 of 3rd period - Stopped by Samuel Montembeault with a rebound.
11:49 of 3rd period - Wrist shot by Yegor Chinakhov.
11:49 of 3rd period - Shot Blocked by Simon Edvinsson.
11:51 of 3rd period - Slapshot by Brandon Montour.
11:51 of 3rd period - Shot Misses the Net.
11:53 of 3rd period - Slapshot by Brandon Montour.
11:53 of 3rd period - Deflect By Robby Fabbri.
11:53 of 3rd period - Goal by Robby Fabbri - Nashville Predators : 2 - Hartford Whalers : 4.
11:54 of 3rd period - Filip Mesar wins face-off versus Pius Suter in neutral zone.
11:56 of 3rd period - Minor Penalty to Seth Jones for Hooking.
11:57 of 3rd period - Marco Kasper wins face-off versus Nick Suzuki in Hartford Whalers zone.
11:57 of 3rd period - Slapshot by John-Jason Peterka.
11:57 of 3rd period - Goal by John-Jason Peterka - Nashville Predators : 3 - Hartford Whalers : 4.
11:58 of 3rd period - Pius Suter wins face-off versus Nick Suzuki in neutral zone.
12:11 of 3rd period - Wrist shot by Nick Suzuki.
12:11 of 3rd period - Stopped by Anthony Stolarz without a rebound.
12:12 of 3rd period - Sidney Crosby wins face-off versus Pius Suter in Nashville Predators zone.
12:38 of 3rd period - John-Jason Peterka is hit by Filip Mesar and loses puck.
13:35 of 3rd period - Wrist shot by Marco Kasper.
13:35 of 3rd period - Shot Misses the Net.
13:37 of 3rd period - Slapshot by Alex Pietrangelo.
13:37 of 3rd period - Deflect By Yegor Chinakhov.
13:37 of 3rd period - Shot Blocked by Jordan Kyrou.
13:37 of 3rd period - Puck is out of play.
13:38 of 3rd period - Jack Roslovic wins face-off versus Sidney Crosby in Hartford Whalers zone.
13:41 of 3rd period - Wrist shot by Yegor Sharangovich.
13:41 of 3rd period - Stopped by Samuel Montembeault with a rebound.
13:43 of 3rd period - Snap shot by Jack Roslovic.
13:43 of 3rd period - Stopped by Samuel Montembeault without a rebound.
13:44 of 3rd period - Jack Roslovic wins face-off versus Sidney Crosby in Hartford Whalers zone.
13:51 of 3rd period - Vladislav Gavrikov is hit by Rasmus Andersson and loses puck.
13:56 of 3rd period - Snap shot by Yegor Sharangovich.
13:56 of 3rd period - Shot Blocked by Sidney Crosby.
13:58 of 3rd period - Slapshot by Rasmus Andersson.
13:58 of 3rd period - Stopped by Samuel Montembeault with a rebound.
14:09 of 3rd period - Off-side.
14:10 of 3rd period - Pius Suter wins face-off versus Nick Suzuki in neutral zone.
14:13 of 3rd period - Wrist shot by Eetu Luostarinen.
14:13 of 3rd period - Deflect By John-Jason Peterka.
14:13 of 3rd period - Stopped by Samuel Montembeault with a rebound.
14:15 of 3rd period - Slapshot by John-Jason Peterka.
14:15 of 3rd period - Stopped by Samuel Montembeault with a rebound.
14:17 of 3rd period - Wrist shot by John-Jason Peterka.
14:17 of 3rd period - Stopped by Samuel Montembeault without a rebound.
14:18 of 3rd period - Nick Suzuki wins face-off versus Pius Suter in Hartford Whalers zone.
14:27 of 3rd period - Wrist shot by Dylan Guenther.
14:27 of 3rd period - Stopped by Anthony Stolarz with a rebound.
15:29 of 3rd period - Snap shot by Marco Kasper.
15:29 of 3rd period - Goal by Marco Kasper - Nashville Predators : 4 - Hartford Whalers : 4.
15:30 of 3rd period - Filip Mesar wins face-off versus Pius Suter in neutral zone.
15:32 of 3rd period - Minor Penalty to Seth Jones for Hooking.
15:33 of 3rd period - Nick Suzuki wins face-off versus Marco Kasper in Hartford Whalers zone.
16:27 of 3rd period - Sidney Crosby is hit by Rasmus Andersson.
17:32 of 3rd period - Penalty to Seth Jones is over, Seth Jones is back on ice.
18:03 of 3rd period - Icing by Braden Schneider.
18:04 of 3rd period - Sidney Crosby wins face-off versus Jean-Gabriel Pageau in Hartford Whalers zone.
18:43 of 3rd period - Icing by Jack Roslovic.
18:44 of 3rd period - Jack Roslovic wins face-off versus Filip Mesar in Nashville Predators zone.
18:49 of 3rd period - Snap shot by Simon Benoit.
18:49 of 3rd period - Deflect By Jonathan Drouin.
18:49 of 3rd period - Stopped by Samuel Montembeault with a rebound.
19:29 of 3rd period - Slapshot by Jonathan Drouin.
19:29 of 3rd period - Goal by Jonathan Drouin - Nashville Predators : 4 - Hartford Whalers : 5.
19:30 of 3rd period - Jean-Gabriel Pageau wins face-off versus Anthony Cirelli in neutral zone.
19:35 of 3rd period - Nashville Predators, Anthony Stolarz is pulled from the net.
Goals for this period are 4 for Nashville Predators vs 1 for Hartford Whalers.
Shots for this period are 15 for Nashville Predators vs 8 for Hartford Whalers.
Back to the Top